 Dungeon Crawl Stone Soup version 0.30-a0-570-g486de37d69 (webtiles) character file.

Game seed: 10720322567883670209

7 kae the Insei (level 1, -1/15 HPs)
             Began as a Demonspawn Transmuter on Dec 29, 2022.
             Slain by a gnoll
             ... wielding a +0 spear
              (8 damage)
             ... on level 1 of the Dungeon.
             The game lasted 00:00:20 (132 turns).

kae the Insei (Demonspawn Transmuter)                Turns: 132, Time: 00:00:20

Health: -1/15      AC:  2    Str: 10    XL:     1   Next: 83%
Magic:  3/3        EV: 12    Int: 14    God:
Gold:   0          SH:  0    Dex: 13    Spells: 3/4 levels left

rFire   . . .      SeeInvis .      - Unarmed
rCold   . . .      Faith    .    (no shield)
rNeg    . . .      Spirit   .    a - +0 robe
rPois   .          Reflect  .    (no helmet)
rElec   .          Harm     .    (no cloak)
rCorr   .          Rampage  .    (no gloves)
Will    .....                    (no boots)
Stlth   +                        (no amulet)
HPRegen 0.22/turn                (no ring)
MPRegen 0.08/turn                (no ring)

@: no status effects
A: no striking features
a: no special abilities


You were on level 1 of the Dungeon.
You visited 1 branch of the dungeon, and saw 1 of its levels.


   Skills:
 - Level 1.0 Fighting
 - Level 1.7 Dodging
 + Level 2.8 Unarmed Combat
 + Level 2.1 Spellcasting
 * Level 2.1 Transmutations


You had 3 spell levels left.
You knew the following spells:

 Your Spells              Type           Power      Damage    Failure   Level
a - Beastly Appendage     Tmut           14%        N/A       10%         1

Your spell library contained the following spells:

 Spells                   Type           Power      Damage    Failure   Level
 Wereblood                Tmut           7%         N/A       16%         2
 Spider Form              Tmut/Pois      4%         N/A       41%         3
 Ice Form                 Ice/Tmut       4%         N/A       83%         4

Inventory:

Missiles
 c - 13 stones
Armour
 a - a +0 robe (worn)
Scrolls
 d - a scroll of fog {unknown}
Potions
 b - a potion of lignification {!q}

Dungeon Overview and Level Annotations

Branches:
Dungeon (1/15) Zot: 5868

Altars:

Annotations:
D:1 exclusion: gnoll

.##..........#
.##......#.#.g. ....
.####........ . ... #
.# #.####.#.# ....#
.####.# .# # ....#
......# # .#..# ##
.####.# #.#.####g.#
..# .# #.# #.....b..#
... .# ##.##
###.###@## #..
.###...#####.#
##.###.#
.....#.......# ##.#.#
####...############.#
##.[............##
############.#.......#
#...####### #####


You could see a gnoll and a bat.


Message History

No target in view!
Press: ? - help, . - travel You can't see that place. [the floor.] Placed new exclusion.
Unknown command.
Your magical contamination has completely faded away. 😕 HP[+1] MP[+1]
Found a stone staircase leading down. 😎 HP[+1]
Your hp is fully restored (15).
Unknown command.
A giant cockroach comes into view.
A giant cockroach is nearby!
A giant cockroach is nearby!
Casting: Beastly Appendage (safe; 11% risk of failure)
Confirm with . or Enter, or press ? or * to list all spells.
You grow a pair of large bovine horns.
Your feet morph into talons.
The giant cockroach bites you.
The giant cockroach closely misses you. 😕 HP[-1]
You take 1 damage, and now have 14/15 hp.
You closely miss the giant cockroach. The giant cockroach barely misses you.
You closely miss the giant cockroach.
The giant cockroach waves its antennae.
The giant cockroach barely misses you. 😎 HP[+1]
Your hp is fully restored (15).
You hit the giant cockroach. Your kick misses the giant cockroach.
The giant cockroach bites you but does no damage.
You barely miss the giant cockroach. Your kick misses the giant cockroach.
You punch the giant cockroach, but do no damage.
The giant cockroach bites you but does no damage.
A giant cockroach is nearby!
Unknown command.
A giant cockroach is nearby!
You hit the giant cockroach.
You kill the giant cockroach!
Your transformation is almost over.
No target in view!
d - a scroll labelled CIFIHAMO MICWE Your horns disappear.
Your talons disappear.
A kobold and a bat come into view.
The kobold is wielding a +1 short sword of speed. 😎 MP[+1]
Your mp is fully restored (3).
Unknown command.
There are monsters nearby!
There are monsters nearby!
Casting: Beastly Appendage (safe; 10% risk of failure)
Confirm with . or Enter, or press ? or * to list all spells.
You miscast Beastly Appendage.
You are very lightly contaminated with residual magic.
Nothing appears to happen. 😎 MP[-1]
You lost 1 mp, and now have 2/3 mp.
The helpless bat fails to defend itself.
You hit the bat. The bat closely misses you.
You barely miss the bat.
The kobold shouts!
You hear a shout!
The bat hits you. 😕 HP[-1]
You take 1 damage, and now have 14/15 hp.
You closely miss the bat. The bat hits you but does no damage.
You hit the kobold. The bat hits you but does no damage.
The kobold hits you with a +1 short sword of speed. 😮 HP[-5]
You take 5 damage, and now have 9/15 hp.
MASSIVE DAMAGE!! (PAUSE) Unknown command.
You are too injured to fight recklessly!
You are too injured to fight recklessly!
You are too injured to fight recklessly!
You are too injured to fight recklessly!
You hit the kobold but do no damage.
The kobold hits you with a +1 short sword of speed.
* * * LOW HITPOINT WARNING * * *
😨 HP[-2]
You take 2 damage, and now have 7/15 hp.
You hit the kobold.
You kill the kobold!
The bat barely misses you. The bat misses you.
Your magical contamination has completely faded away. 😮 HP[+1] Unknown command.
You hit the bat. The bat hits you but does no damage.
The bat hits you but does no damage. The gnoll closely misses you.
Things that are here:
a +1 short sword of speed; a kobold corpse Unknown command.
The bat hits you.
* * * LOW HITPOINT WARNING * * *
The gnoll closely misses you. The bat closely misses you. 😨 HP[-1]
You take 1 damage, and now have 7/15 hp.
The bat attacks as you move away! The bat hits you but does no damage.
The bat barely misses you.
The gnoll hits you from afar with a +0 spear!
Ouch! That really hurt!
You die...

Skill      XL: |  1 |
---------------+----+-----
Transmutations | 2 |  2.1
Fighting       | |  1.0
Dodging        | |  1.7
Unarmed Combat | |  2.8
Spellcasting   | |  2.1

Action                   || total
-------------------------++-------
Melee: Unarmed           ||    22
       Punch             ||     1
 Cast: Beastly Appendage ||     2
 Stab: Sleeping          ||     1
Armor: Robe              ||     8
Dodge: Dodged            ||    15

Levels and vault maps discovered:
D:1:      tarquinn_simple_flora_water_f, layout_loops_ring,
          corexii_hall_statues_deadend, st_stairs_9,
          chequers_serial_rivers_micro_d

Notes
Turn   | Place    | Note
-------+----------+-------------------------------------------
     0 | D:1      | kae the Demonspawn Transmuter began the quest for the Orb.
     0 | D:1      | Reached XP level 1. HP: 15/15 MP: 3/3
     0 | D:1      | magus.rc [v1.11.3]
    75 | D:1      | Reached skill level 2 in Transmutations
   132 | D:1      | Slain by a gnoll

Vanquished Creatures
  An endoplasm (D:1)
  A giant cockroach (D:1)
  A hobgoblin (D:1)
  2 kobolds (D:1)
5 creatures vanquished.

Table legend:
 A = Non-vault XP
 B = Vault XP
 C = Vault XP percentage of total XP
 D = Non-vault monster count
 E = Vault monster count
 F = Vault count percentage of total count
                 A         B        C        D         E       F
            +---------+---------+-------+---------+---------+-------
      Total |      10 |       0 |   0.0 |       5 |       0 |   0.0
            +---------+---------+-------+---------+---------+-------
        D:1 |      10 |       0 |   0.0 |       5 |       0 |   0.0
            +---------+---------+-------+---------+---------+-------

Illustrated notes

Table legend:
 A = Kills in this place as a percentage of kills in entire the game.
 B = Kills by you in this place as a percentage of kills by you in the entire game.
 C = Kills by friends in this place as a percentage of kills by friends in the entire game.
 D = Other kills in this place as a percentage of other kills in the entire game.
 E = Experience gained in this place as a percentage of experience gained in the entire game.
 F = Experience gained in this place divided by the number of levels of this place that you have seen.
                   A       B       C       D       E      F
               +-------+-------+-------+-------+-------+----------------------
         Total | 100.0 | 100.0 |   N/A |   N/A | 100.0 |  10.0
       Dungeon | 100.0 | 100.0 |   N/A |   N/A | 100.0 |  10.0
               +-------+-------+-------+-------+-------+----------------------

Table legend: (Time is in decaauts)
 A = Elapsed time spent in this place.
 B = Non-inter-level travel time spent in this place.
 C = Inter-level travel time spent in this place.
 D = Time resting spent in this place.
 E = Time spent auto-exploring this place.
 F = Levels seen in this place.
 G = Mean time per level.
                   A        B        C        D        E       F      G
               +--------+--------+--------+--------+--------+-----+--------+
         Total |    130 |    130 |      0 |      0 |     75 |   1 |  130.0 |
       Dungeon |    130 |    130 |      0 |      0 |     75 |   1 |  130.0 |
               +--------+--------+--------+--------+--------+-----+--------+

Top non-repeatable levels by time:
     D:1: 130 daAuts
